 Dungeon Crawl Stone Soup version 0.31-a0-1628-gdde2bdd (webtiles) character file.

Game seed: 15532032335048093028

217 PublicAnimeNo1 the Caller (level 5, -2/36 HPs)
             Began as a Demonspawn Summoner on Jan 12, 2024.
             Was a Follower of Kikubaaqudgha.
             Slain by a mummy (17 damage)
             ... in an ossuary.
             The game lasted 00:06:19 (3122 turns).

PublicAnimeNo1 the Caller (Demonspawn Summoner)     Turns: 3122, Time: 00:06:20

Health: -2/36      AC:  4    Str:  8    XL:     5   Next: 61%
Magic:  8/8        EV: 12    Int: 18    God:    Kikubaaqudgha [*.....]
Gold:   206        SH:  0    Dex: 13    Spells: 2/8 levels left

rFire   . . .        f - +0 short sword
rCold   . . .        (no shield)
rNeg    . . .        a - +0 robe
rPois   .            (helmet restricted)
rElec   .            (no cloak)
rCorr   .            (no gloves)
SInv    .            (no boots)
Will    .....        (no amulet)
Stlth   ++           (no ring)
HPRegen 0.26/turn    (no ring)
MPRegen 0.11/turn

%: no passive effects
@: inugami summoned
A: horns 1, icy blue scales 1, foul stench 1, powered by pain 1
a: Renounce Religion, Unearth Wretches


You were in an ossuary.
You worshipped Kikubaaqudgha.
Kikubaaqudgha was aware of your devotion.
You visited 1 branch of the dungeon, and saw 4 of its levels.
You also visited: Ossuary.

You collected 206 gold pieces.

Inventory:

Hand Weapons
 f - a +0 short sword (weapon)
 n - a +3 dagger of holy wrath
Armour
 a - a +0 robe (worn)
 i - a +0 helmet
 m - a +0 pair of gloves
Jewellery
 g - a ring of positive energy
 p - a ring of resist corrosion
Scrolls
 c - a scroll of summoning {unknown}
 e - a scroll of teleportation {unknown}
 h - a scroll of amnesia {unknown}
 j - a scroll of enchant weapon {unknown}
 l - a scroll of vulnerability {unknown}
 o - a scroll of immolation {unknown}
Potions
 b - 3 potions of magic
 d - a potion of resistance
 k - a potion of heal wounds
 q - a potion of enlightenment


   Skills:
 + Level 0.6 Fighting
 - Level 1.7 Dodging
 - Level 1.7 Stealth
 + Level 2.1 Spellcasting
 + Level 6.8 Summonings


You had 2 spell levels left.
You knew the following spells:

 Your Spells              Type           Power      Damage    Failure   Level
a - Summon Small Mammal   Summ           100%       N/A       1%          1
b - Call Imp              Summ           52%        N/A       1%          2
c - Call Canine Familiar  Summ           26%        N/A       3%          3

Your spell library contained the following spells:

 Spells                   Type           Power      Damage    Failure   Level
 Apportation              Tloc           2%         N/A       19%         1
 Necrotise                Necr           4%         1d4       19%         1
 Sting                    Conj/Alch      4%         1d3       19%         1
 Cigotuvi's Dreadful Rot  Necr/Alch/Air  2%         N/A       26%         2
 Sublimation of Blood     Necr           1%         N/A       26%         2
 Summon Blazeheart Golem  Fire/Summ      14%        N/A       41%         4
 Summon Lightning Spire   Summ/Air       14%        N/A       41%         4
 Fugue of the Fallen      Necr           1%         N/A       47%         3
 Vampiric Draining        Necr           1%         2d6       47%         3


Dungeon Overview and Level Annotations

Branches:
Dungeon (4/15)            Ossuary (1/1)
 Temple: D:4-7

Altars:
Ashenzari
Fedhas
Hepliaklqana
Kikubaaqudgha
Trog

Shops:
D:2 :


Innate Abilities, Weirdness & Mutations

You have a pair of small horns on your head.
You are partially covered in icy blue scales. (AC +2)
You may rarely emit foul miasma when damaged in melee.
You sometimes gain a little power by taking damage.


Message History

A tiny devil pulls itself out of the air.
Your inugami hits the spectral gnoll.
The spectral gnoll hits your inugami but does no damage.
You hit the mummy but do no damage.
Your cerulean imp hits the spectral gnoll but does no damage.
Your inugami barely misses the spectral gnoll.
The spectral gnoll hits your inugami.
You hit the mummy but do no damage. The spectral gnoll hits your inugami.
The spectral gnoll drains your inugami. The mummy hits you.
Your inugami hits the spectral gnoll but does no damage.
Your cerulean imp hits the spectral gnoll but does no damage.
You barely miss the mummy. Your inugami hits the spectral gnoll.
The spectral gnoll misses your inugami.
Your cerulean imp hits the spectral gnoll from afar with a -2 spear.
You hit the mummy.
The mummy is lightly damaged.
The mummy completely misses you.
Your inugami hits the spectral gnoll.
Your cerulean imp hits the spectral gnoll from afar with a -2 spear.
The spectral gnoll is destroyed!
Kikubaaqudgha accepts your kill.
Your life force feels restored.
You hit the mummy but do no damage. Your headbutt misses the mummy.
The mummy is lightly damaged.
The spectral jackal barely misses your inugami.
Your inugami barely misses the mummy.
Your cerulean imp barely misses the mummy.
You hit the mummy. You headbutt the mummy.
The mummy is heavily damaged.
The spectral jackal bites your inugami but does no damage.
The mummy hits you!
You focus on the pain.
You feel your power returning.
Your inugami hits the spectral jackal.
Your cerulean imp hits the mummy from afar with a -2 spear.
You completely miss the mummy. Your headbutt misses the mummy.
The mummy is severely damaged.
A spectral jackal comes into view.
The spectral jackal barely misses your inugami.
The spectral jackal misses your inugami.
The mummy hits you!
You die...
Kikubaaqudgha rasps: "You have failed me!
Welcome... death!"

##h....#
##''###
##.^## #
##..## .#
#..## ..#
##.+# ...#
#..+ ....#
#.##ZZ...#
#.@MZZ...#
##.h#....#
#.5# ..#
##.. # #..
#++


You could see 2 spectral jackals, a spectral hound, a spectral gnoll, a mummy
(ally target), a friendly cerulean imp (summoned) and a friendly inugami
(summoned, drained).

Vanquished Creatures
  An orc wizard (D:3)
  A spectral hound (Ossuary)
  5 adders
  A spectral adder (Ossuary)
  6 orcs (D:3)
  3 ball pythons
  3 endoplasms
  2 giant cockroaches
  4 goblins
  4 hobgoblins
  5 kobolds
  3 quokkas
  3 bats
  9 frilled lizards
  2 kobold zombies (Ossuary)
  An orc zombie (Ossuary)
  4 rats
57 creatures vanquished.

Vanquished Creatures (collateral kills)
  An orc wizard (D:3)
  An adder (D:2)
  A spectral gnoll (Ossuary)
  3 orcs
  A ball python (D:4)
  An endoplasm (D:1)
  3 goblins
  A hobgoblin (D:3)
  2 kobolds (D:2)
  A quokka (D:4)
  2 bats
  2 frilled lizards (D:1)
  A kobold zombie (Ossuary)
  An orc zombie (Ossuary)
  2 rats
  A spectral goblin (D:3)
24 creatures vanquished.

Grand Total: 81 creatures vanquished

Notes
Turn   | Place    | Note
-------+----------+-------------------------------------------
     0 | D:1      | PublicAnimeNo1 the Demonspawn Summoner began the quest for
                  | the Orb.
     0 | D:1      | Reached XP level 1. HP: 13/13 MP: 3/3
   295 | D:1      | Gained mutation: You are partially covered in icy blue
                  | scales. (AC +2) [demonic ancestry]
   295 | D:1      | Reached XP level 2. HP: 19/19 MP: 1/5
   617 | D:1      | Learned a level 2 spell: Call Imp
   955 | D:2      | Reached skill level 5 in Summonings
   955 | D:2      | Gained mutation: You sometimes gain a little power by
                  | taking damage. [demonic ancestry]
   955 | D:2      | Reached XP level 3. HP: 24/24 MP: 4/6
  1282 | D:2      | Found Toerphout's Book Shop.
  1803 | D:3      | Gained mutation: You may rarely emit foul miasma when
                  | damaged in melee. [demonic ancestry]
  1803 | D:3      | Reached XP level 4. HP: 21/30 MP: 2/7
  1848 | D:3      | Found a bloodstained altar of Trog.
  2009 | D:3      | Reached skill level 6 in Summonings
  2134 | D:3      | Gained mutation: You have a pair of small horns on your
                  | head. [demonic ancestry]
  2134 | D:3      | Reached XP level 5. HP: 28/35 MP: 8/8
  2309 | D:3      | Found a broken altar of Ashenzari.
  2494 | D:3      | Found a hazy altar of Hepliaklqana.
  2552 | D:3      | Found a faded altar of an unknown god.
  2568 | D:3      | Prayed at the altar of an unknown god.
  2568 | D:3      | Became a worshipper of Kikubaaqudgha
  2568 | D:3      | Reached * piety under Kikubaaqudgha
  2568 | D:3      | Received a gift from Kikubaaqudgha
  2774 | D:4      | Learned a level 3 spell: Call Canine Familiar
  2936 | D:4      | Found a blossoming altar of Fedhas.
  2964 | D:4      | Found a sand-covered staircase.
  2982 | Ossuary  | Entered an ossuary
  3122 | Ossuary  | Slain by a mummy

Illustrated notes

Levels and vault maps discovered:
D:1:      minmay_arrival_stair_chambers, layout_basic, minmay_lizard_pond
D:2:      layout_basic, serial_forest, infiniplex_forest_end_2,
          infiniplex_forest_clump_large, infiniplex_forest_straight_3,
          infiniplex_forest_straight_1, infiniplex_forest_lined_2,
          infiniplex_forest_lined_3, serial_shops, nicolae_shop_statue_plus,
          basic_altar, serial_bayou_crossing
D:3:      layout_rooms, nicolae_hepliaklqana_monster_ancestors,
          jmf_multi_god_temple, ashenzari_conservatory_becter,
          dreamdust_ecumenical_altar_angels_and_demons,
          chequers_serial_rivers_micro_e, hangedman_decor_points, kennysheep_nub
D:4:      layout_basic, mainiacjoe_overflow_catwalk,
          mainiacjoe_overflow_24_doors, enter_ossuary_1
Ossuary:  ossuary_zaba_two_paths

Skill      XL: |  1  2  3  4 |
---------------+-------------+-----
Summonings     | 5 6 |  6.8
Fighting       | |  0.6
Dodging        | |  1.7
Stealth        | |  1.7
Spellcasting   | |  2.1

Action                     |  1- 3 |  4- 6 || total
---------------------------+-------+-------++-------
  Melee: Short sword       |   119 |   102 ||   221
         Unarmed           |    10 |       ||    10
         Punch             |     2 |     1 ||     3
         Headbutt          |       |    15 ||    15
   Cast: Summon Small Mamm |    11 |     5 ||    16
         Call Imp          |    13 |    19 ||    32
         Call Canine Famil |       |     3 ||     3
    Use: Scroll            |       |     4 ||     4
         Potion            |       |     1 ||     1
   Stab: Sleeping          |     5 |       ||     5
         Distracted        |       |     1 ||     1
 Armour: Robe              |    71 |    78 ||   149
  Dodge: Dodged            |    90 |    59 ||   149

Table legend: (Time is in decaauts)
 A = Elapsed time spent in this place.
 B = Non-inter-level travel time spent in this place.
 C = Inter-level travel time spent in this place.
 D = Time resting spent in this place.
 E = Time spent auto-exploring this place.
 F = Levels seen in this place.
 G = Mean time per level.
                   A        B        C        D        E       F      G
               +--------+--------+--------+--------+--------+-----+--------+
         Total |   3127 |   3024 |    103 |    208 |   2168 |   5 |  625.4 |
       Dungeon |   2987 |   2884 |    103 |    196 |   2082 |   4 |  746.8 |
       Ossuary |    139 |    139 |      0 |     12 |     86 |   1 |  139.0 |
               +--------+--------+--------+--------+--------+-----+--------+

Top non-repeatable levels by time:
     D:3: 962 daAuts
     D:1: 930 daAuts
     D:2: 858 daAuts
     D:4: 235 daAuts
 Ossuary: 139 daAuts
